 Dungeon Crawl Stone Soup version 0.23.2-1-ga50397a (webtiles) character file.

Game seed: 10456014054388229897

1901 myga the Skirmisher (level 9, -9/78 HPs)
             Began as a Hill Orc Monk on Apr 30, 2019.
             Was a Believer of Makhleb.
             Mangled by an ogre
             ... wielding a +0 giant spiked club
              (23 damage)
             ... on level 5 of the Dungeon.
             The game lasted 00:35:54 (6766 turns).

myga the Skirmisher (Hill Orc Monk)                 Turns: 6766, Time: 00:35:54

Health: -9/78      AC: 13    Str: 15    XL:     9   Next: 15%
Magic:  18/18      EV:  8    Int: 10    God:    Makhleb [**....]
Gold:   317        SH:  0    Dex: 15    Spells: 8/8 levels left

rFire    . . .     SeeInvis .   k - -3 flail (curse)
rCold    . . .     Gourm    .   (no shield)
rNeg     . . .     Faith    .   q - +1 chain mail {rPois}
rPois    +         Spirit   .   (no helmet)
rElec    .         Reflect  .   l - +0 cloak
rCorr    .         Harm     .   (no gloves)
MR       .....                  (no boots)
Stlth    ..........             d - amulet of inaccuracy (curse)
HPRegen  0.23/turn              e - +1 ring of protection
MPRegen  0.16/turn              r - ring of magical power

@: no status effects
A: sense surroundings 1, screaming 1, MP-powered wands
a: Minor Destruction, Renounce Religion


You were on level 5 of the Dungeon.
You worshipped Makhleb.
Makhleb was pleased with you.
You were not hungry.

You visited 2 branches of the dungeon, and saw 8 of its levels.

You collected 317 gold pieces.

Inventory:

Hand Weapons
 f - a +1 flail of protection
 i - a +0 trident of venom
 k - a cursed -3 flail (weapon)
 m - a +4 quarterstaff of chaos
 p - a +0 flail of holy wrath
Armour
 l - a +0 cloak (worn)
 q - a +1 chain mail of poison resistance (worn)
 u - a +0 plate armour
Jewellery
 d - a cursed amulet of inaccuracy (around neck)
 e - a +1 ring of protection (left hand)
 j - an uncursed amulet of guardian spirit
 r - a ring of magical power (right hand)
Wands
 h - a wand of iceblast (7)
Scrolls
 t - a scroll of summoning {unknown}
Potions
 a - a potion of cancellation
 b - a potion of curing
 g - a potion of flight
 w - a potion of resistance
Comestibles
 c - 13 rations
 n - 5 chunks of flesh


   Skills:
 + Level 6.5 Fighting
 + Level 4.4(5.8) Maces & Flails
 + Level 5.3(6.5) Polearms
 + Level 4.7(6.1) Staves
 + Level 5.8 Armour
 + Level 3.9 Dodging
 + Level 2.3 Stealth
 + Level 1.1 Invocations
 + Level 0.3 Evocations


You had 8 spell levels left.
You didn't know any spells.
Your spell library was empty.

Dungeon Overview and Level Annotations

Branches:
Dungeon (7/15)             Temple (1/1) D:5

Altars:
Ashenzari
Cheibriados
Dithmenos
Elyvilon
Fedhas
Gozag
Hepliaklqana
Kikubaaqudgha
Makhleb
Nemelex Xobeh
Okawaru
Qazlal
Ru
Sif Muna
Trog
Uskayaw
Vehumet
Wu Jian
Xom
Yredelemnul
Zin
The Shining One

Shops:
D:6 }[%

Annotations:
D:6 Eustachio, Prince Ribbit


Innate Abilities, Weirdness & Mutations

You passively map a small area around you.
You occasionally shout uncontrollably at your foes.
You expend magic power (3 MP) to strengthen your wands.


Message History

You thump the ogre!
The ogre is severely wounded.
The ogre hits you with a +0 giant spiked club!
* * * LOW HITPOINT WARNING * * *
There is a stone staircase leading up here.
You see here an arrow.
You see here an arrow.
Some of the chunks of flesh in your inventory have rotted away.
You see here an arrow.
You sock the ogre!
The ogre is heavily wounded.
The ogre hits you with a +0 giant spiked club.
* * * LOW HITPOINT WARNING * * *
Your chain mail prevents you from hitting the ogre.
The ogre is heavily wounded.
The ogre barely misses you.
You closely miss the ogre.
The ogre is heavily wounded.
The ogre hits you with a +0 giant spiked club!!
You die...

#.........##....#..#..###...#...#
.⌠.>.⌠....(.....#..........##..##
#........##..##..................
#..⌠...####(.#####...........#...
#.....## #...### #..........###..
#.....####.....# #..........#...#
.......##......# #.............##
.......(...##.(####....##....!###
....###...####(O@.....####.......
.....#....# ##........<###.#.....
>......##.# #....................
.......#..# ##............##.....
#.........###............##......
#......#........................#
##.....#..#................##..).
###......#................##....
###.....................#.....


You could see an ogre.

Vanquished Creatures
  Pikel (D:4)
  Grinder (D:3)
  A raiju (shapeshifter) (D:4)
  Edmund (D:5)
  An orc warrior (D:6)
  A sky beast (D:6)
  2 phantoms
  A centaur (D:5)
  Blork the orc (Temple)
  A water moccasin zombie (D:7)
  A scorpion (D:4)
  A hound (D:5)
  A jelly (D:6)
  An orc priest (D:4)
  A centaur skeleton (D:6)
  3 orc wizards
  Crazy Yiuf (D:2)
  An iguana (D:7)
  3 worker ants
  A hound skeleton (D:4)
  10 adders
  2 shadow imps
  An ooze (D:1)
  2 adder zombies
  An adder skeleton (D:2)
  3 worms
  4 dart slugs (D:1)
  3 leopard geckos
  10 orcs
  9 bats
  A giant cockroach (D:1)
  15 hobgoblins
  A jackal (D:4)
  6 frilled lizards
  7 goblins
  4 kobolds
  A quokka skeleton (D:2)
  A quokka zombie (D:7)
  8 rats
114 creatures vanquished.

Vanquished Creatures (others)
  A worker ant (D:4)
  2 orcs (D:4)
  2 jackals (D:4)
5 creatures vanquished.

Grand Total: 119 creatures vanquished

Notes
Turn   | Place    | Note
-------+----------+-------------------------------------------
     0 | D:1      | myga the Hill Orc Monk began the quest for the Orb.
     0 | D:1      | Reached XP level 1. HP: 19/19 MP: 1/1
    52 | D:1      | Reached XP level 2. HP: 20/27 MP: 2/2
    77 | D:1      | Reached skill level 4 in Fighting
   365 | D:1      | Reached XP level 3. HP: 26/33 MP: 3/3
  1023 | D:2      | Reached XP level 4. HP: 14/41 MP: 4/4
  1670 | D:2      | Found a runed translucent door.
  1671 | D:2      | Noticed Crazy Yiuf
  1710 | D:2      | Killed Crazy Yiuf
  1710 | D:2      | Reached skill level 5 in Polearms
  1710 | D:2      | Reached XP level 5. HP: 27/47 MP: 5/5
  1811 | D:3      | Found a shimmering altar of Xom.
  2410 | D:3      | Noticed Grinder
  2418 | D:3      | Paralysed by Grinder for 3 turns
  2439 | D:3      | Killed Grinder
  2439 | D:3      | Reached skill level 5 in Fighting
  2439 | D:3      | Reached skill level 1 in Staves
  2439 | D:3      | Reached XP level 6. HP: 28/56 MP: 6/6
  2801 | D:4      | Found a blossoming altar of Fedhas.
  3028 | D:4      | Reached XP level 7. HP: 61/61 MP: 7/7
  3048 | D:4      | Noticed a shapeshifter
  3048 | D:4      | a slave changed into a shapeshifter
  3048 | D:4      | Noticed a basilisk
  3048 | D:4      | a shapeshifter changed into a basilisk
  3050 | D:4      | Noticed a raiju
  3050 | D:4      | a basilisk changed into a raiju
  3057 | D:4      | Killed a raiju
  3071 | D:4      | Noticed Pikel
  3088 | D:4      | Killed Pikel
  3088 | D:4      | Reached XP level 8. HP: 18/70 MP: 8/8
  3995 | D:4      | Reached skill level 6 in Fighting
  3995 | D:4      | Reached skill level 1 in Maces & Flails
  4372 | D:5      | Entered Level 5 of the Dungeon
  4585 | D:5      | Noticed Blork the orc
  4617 | D:5      | Found a staircase to the Ecumenical Temple.
  4624 | Temple   | Entered the Ecumenical Temple
  4680 | Temple   | Killed Blork the orc
  5454 | D:5      | Noticed Edmund
  5472 | D:5      | Killed Edmund
  5647 | D:5      | Reached skill level 5 in Armour
  5702 | Temple   | Became a worshipper of Makhleb the Destroyer
  5702 | Temple   | Reached * piety under Makhleb
  5702 | Temple   | Reached ** piety under Makhleb
  5859 | D:6      | Found Duycash's Antique Armour Emporium.
  5897 | D:6      | Found Minnyrorph's Gadget Shoppe.
  5918 | D:6      | Noticed Eustachio
  6198 | D:6      | Gained mutation: You occasionally shout uncontrollably at
                  | your foes. [potion of mutation]
  6198 | D:6      | Gained mutation: You expend magic power (3 MP) to
                  | strengthen your wands. [potion of mutation]
  6198 | D:6      | Gained mutation: You passively map a small area around you.
                  | [potion of mutation]
  6203 | D:6      | Reached XP level 9. HP: 32/78 MP: 9/9
  6622 | D:6      | Reached skill level 1 in Invocations
  6626 | D:6      | Found Laizazuit's Food Shop.
  6641 | D:6      | Noticed Prince Ribbit
  6766 | D:5      | Mangled by an ogre

Skill      XL: |  1  2  3  4  5  6  7  8  9 |
---------------+----------------------------+-----
Fighting       | 4 5 6 |  6.5
Polearms       | 4 5 |  5.3
Stealth        | 2 |  2.3
Dodging        | 3 |  3.9
Staves         | 1 2 4 |  4.7
Armour         | 2 3 5 |  5.8
Maces & Flails | 3 4 |  4.4
Invocations    | 1 |  1.1
Evocations     | |  0.3

Action                   |  1- 3 |  4- 6 |  7- 9 || total
-------------------------+-------+-------+-------++-------
Melee: Spear             |   139 |    64 |       ||   203
       Quarterstaff      |       |    61 |    61 ||   122
       Flail             |       |       |   483 ||   483
Invok: Minor Destruction |       |       |    16 ||    16
Evoke: Wand              |       |       |     9 ||     9
  Use: Potion            |     1 |     2 |     9 ||    12
       Scroll            |       |     2 |    11 ||    13
 Stab: Sleeping          |     3 |     1 |       ||     4
       Confused          |       |       |     1 ||     1
  Eat: Chunk             |       |     7 |     6 ||    13
       Ration            |       |       |     2 ||     2
Armor: Robe              |    21 |     6 |       ||    27
       Chain mail        |       |    60 |   270 ||   330
       Skin              |       |       |    11 ||    11
Dodge: Dodged            |    66 |    71 |   210 ||   347
